[ AOE2 MATCH · #506937896 ]
UnrankedVikings vs Sicilians
Player's team · LOSS
[ REPLAY ANALYSIS · EXTRACTED FROM THE RECORDED GAME ]
Feudal
11:03
Castle
21:40
Imperial
39:21
| APM avg | 58.8 |
| APM peak | 120 |
| eAPM avg | 36.7 |
| Villagers / military | 328 / 420 |
Focus
⚔️ 41.9% · 🌾 58.1%
Berserk ×287 · Archer ×62 · Spearman ×32 · Scorpion ×15 · Battering Ram ×12 · Trebuchet (Packed) ×4
Feudal
9:29
Castle
20:22
Imperial
38:37
| APM avg | 65.3 |
| APM peak | 123 |
| eAPM avg | 36.8 |
| Villagers / military | 279 / 370 |
Focus
⚔️ 41.7% · 🌾 58.3%
Serjeant ×256 · Scout Cavalry ×89 · Trebuchet (Packed) ×11 · Monk ×8 · Militia ×3 · Mangonel ×2
Match map
Initial resources + every placement click. Lines = walls · curves = elevation contours. ◆ gold · ⬟ stone · ● berries · ✦ relic · ◌ wall gap
Your base· ✓ Closed at 21:40 · 10t walls · 1 gate(s)
Drunken master's base· ✓ Closed at 20:22 · 3t walls · 1 gate(s)
Smoothed initial terrain · ◌ = detected wall gap · hover for details
Inputs per minute
— random_aoe_user - - Drunken master
Build order — random_aoe_user
First 150 of 1086 actions detected
| 0:02 | Queue | Villager (Male) |
| 0:02 | Queue | Villager (Male) |
| 0:03 | Queue | Villager (Male) |
| 0:03 | Queue | Villager (Male) |
| 0:03 | Queue | Villager (Male) |
| 0:07 | Build | House |
| 0:08 | Build | House |
| 1:29 | Queue | Villager (Male) |
| 1:29 | Queue | Villager (Male) |
| 1:29 | Queue | Villager (Male) |
| 1:29 | Queue | Villager (Male) |
| 1:29 | Queue | Villager (Male) |
| 1:29 | Queue | Villager (Male) |
| 1:29 | Queue | Villager (Male) |
| 1:55 | Queue | Villager (Male) |
| 1:55 | Queue | Villager (Male) |
| 1:55 | Queue | Villager (Male) |
| 1:55 | Queue | Villager (Male) |
| 1:55 | Queue | Villager (Male) |
| 1:55 | Queue | Villager (Male) |
| 1:55 | Queue | Villager (Male) |
| 2:05 | Build | Lumber Camp |
| 2:25 | Queue | Villager (Male) |
| 2:25 | Queue | Villager (Male) |
| 2:25 | Queue | Villager (Male) |
| 2:25 | Queue | Villager (Male) |
| 2:25 | Queue | Villager (Male) |
| 3:00 | Queue | Villager (Male) |
| 3:00 | Queue | Villager (Male) |
| 3:00 | Queue | Villager (Male) |
| 3:24 | Queue | Villager (Male) |
| 3:24 | Queue | Villager (Male) |
| 3:24 | Queue | Villager (Male) |
| 3:24 | Queue | Villager (Male) |
| 3:24 | Queue | Villager (Male) |
| 3:28 | Build | House |
| 3:31 | Build | House |
| 3:54 | Build | House |
| 4:16 | Queue | Villager (Male) |
| 4:16 | Queue | Villager (Male) |
| 4:46 | Queue | Villager (Male) |
| 4:52 | Build | Barracks |
| 5:07 | Queue | Villager (Male) |
| 5:33 | Queue | Villager (Male) |
| 5:46 | Build | House |
| 5:49 | Queue | Villager (Male) |
| 6:21 | Queue | Militia |
| 6:21 | Queue | Militia |
| 6:27 | Research | Loom |
| 6:28 | Queue | Villager (Male) |
| 6:41 | Build | House |
| 6:50 | Queue | Militia |
| 6:57 | Queue | Villager (Male) |
| 6:59 | Research | Loom |
| 7:04 | Build | House |
| 7:41 | Build | Palisade Wall |
| 7:45 | Queue | Villager (Male) |
| 7:48 | Queue | Villager (Male) |
| 7:53 | Build | Palisade Wall |
| 8:28 | Queue | Villager (Male) |
| 8:51 | Research | Feudal Age |
| 8:57 | Build | Palisade Gate |
| 9:16 | Build | House |
| 9:27 | Build | Mining Camp |
| 9:30 | Queue | Villager (Male) |
| 9:58 | Build | Lumber Camp |
| 10:19 | Build | House |
| 10:49 | Build | House |
| 11:03 | Age | Feudal Age |
| 11:06 | Research | Man-at-Arms (upgrade) |
| 11:18 | Build | Archery Range |
| 11:21 | Queue | Villager (Male) |
| 11:22 | Research | Double-Bit Axe |
| 11:26 | Build | Blacksmith |
| 11:53 | Build | Watch Tower |
| 12:04 | Queue | Villager (Male) |
| 12:37 | Build | House |
| 12:40 | Queue | Villager (Male) |
| 12:50 | Queue | Archer |
| 13:24 | Build | Mill |
| 13:30 | Queue | Archer |
| 13:37 | Build | Archery Range |
| 13:42 | Queue | Villager (Male) |
| 13:47 | Build | Farm |
| 13:47 | Build | Farm |
| 13:48 | Build | Farm |
| 13:48 | Build | Farm |
| 13:48 | Build | Farm |
| 13:48 | Build | Farm |
| 14:09 | Build | Farm |
| 14:14 | Queue | Villager (Male) |
| 14:15 | Queue | Archer |
| 14:15 | Queue | Archer |
| 14:41 | Queue | Skirmisher |
| 14:47 | Queue | Villager (Male) |
| 15:04 | Research | Fletching |
| 15:11 | Queue | Villager (Male) |
| 15:11 | Queue | Villager (Male) |
| 15:16 | Build | Farm |
| 15:17 | Build | Farm |
| 15:39 | Queue | Archer |
| 15:39 | Queue | Archer |
| 15:39 | Queue | Archer |
| 15:39 | Queue | Archer |
| 15:39 | Queue | Archer |
| 15:39 | Queue | Archer |
| 15:40 | Queue | Villager (Male) |
| 15:40 | Queue | Villager (Male) |
| 15:40 | Queue | Villager (Male) |
| 15:40 | Queue | Villager (Male) |
| 15:40 | Queue | Villager (Male) |
| 15:40 | Queue | Villager (Male) |
| 15:52 | Queue | Villager (Male) |
| 15:52 | Queue | Villager (Male) |
| 15:52 | Queue | Villager (Male) |
| 15:52 | Queue | Villager (Male) |
| 15:52 | Queue | Villager (Male) |
| 15:53 | Queue | Villager (Male) |
| 15:53 | Queue | Archer |
| 15:54 | Queue | Archer |
| 15:54 | Queue | Archer |
| 15:54 | Queue | Archer |
| 15:54 | Queue | Archer |
| 15:54 | Queue | Archer |
| 15:54 | Queue | Archer |
| 16:07 | Queue | Villager (Male) |
| 16:07 | Queue | Villager (Male) |
| 16:07 | Queue | Villager (Male) |
| 16:07 | Queue | Villager (Male) |
| 16:10 | Build | Farm |
| 16:10 | Build | Farm |
| 16:11 | Build | Farm |
| 16:11 | Build | Farm |
| 16:14 | Research | Padded Archer Armor |
| 16:26 | Queue | Archer |
| 16:26 | Queue | Archer |
| 16:26 | Queue | Archer |
| 16:26 | Queue | Archer |
| 16:30 | Queue | Villager (Male) |
| 16:30 | Queue | Villager (Male) |
| 16:30 | Queue | Villager (Male) |
| 16:35 | Build | Farm |
| 16:35 | Build | Farm |
| 16:35 | Build | Farm |
| 16:35 | Build | Farm |
| 16:59 | Queue | Villager (Male) |
| 16:59 | Queue | Villager (Male) |
| 16:59 | Queue | Villager (Male) |
| 16:59 | Queue | Villager (Male) |
| 16:59 | Queue | Villager (Male) |
Build order — Drunken master
First 150 of 970 actions detected
| 0:01 | Queue | Villager (Male) |
| 0:01 | Queue | Villager (Male) |
| 0:03 | Build | House |
| 0:08 | Build | House |
| 0:12 | Queue | Villager (Male) |
| 0:12 | Queue | Villager (Male) |
| 0:12 | Queue | Villager (Male) |
| 0:13 | Queue | Villager (Male) |
| 1:28 | Queue | Villager (Male) |
| 1:28 | Queue | Villager (Male) |
| 1:56 | Queue | Villager (Male) |
| 2:01 | Build | Lumber Camp |
| 2:30 | Queue | Villager (Male) |
| 2:31 | Queue | Villager (Male) |
| 2:31 | Queue | Villager (Male) |
| 2:31 | Queue | Villager (Male) |
| 3:10 | Queue | Villager (Male) |
| 3:10 | Queue | Villager (Male) |
| 3:27 | Build | House |
| 3:31 | Queue | Villager (Male) |
| 3:32 | Queue | Villager (Male) |
| 3:46 | Queue | Villager (Male) |
| 4:14 | Queue | Villager (Male) |
| 4:32 | Queue | Villager (Male) |
| 4:59 | Queue | Villager (Male) |
| 5:05 | Build | Barracks |
| 5:19 | Queue | Villager (Male) |
| 5:34 | Queue | Villager (Male) |
| 5:35 | Research | Loom |
| 5:54 | Build | House |
| 6:27 | Queue | Villager (Male) |
| 7:08 | Queue | Militia |
| 7:08 | Queue | Militia |
| 7:19 | Research | Feudal Age |
| 7:31 | Build | Donjon |
| 7:50 | Build | Mining Camp |
| 7:56 | Queue | Villager (Male) |
| 7:56 | Queue | Villager (Male) |
| 8:04 | Build | House |
| 8:54 | Queue | Villager (Male) |
| 8:55 | Queue | Villager (Male) |
| 8:55 | Queue | Villager (Male) |
| 9:01 | Queue | Villager (Male) |
| 9:01 | Queue | Villager (Male) |
| 9:01 | Queue | Villager (Male) |
| 9:08 | Build | House |
| 9:29 | Age | Feudal Age |
| 9:33 | Queue | Serjeant |
| 9:33 | Queue | Serjeant |
| 9:33 | Queue | Serjeant |
| 9:38 | Queue | Serjeant |
| 9:44 | Build | House |
| 9:51 | Build | Palisade Wall |
| 9:52 | Queue | Villager (Male) |
| 9:59 | Build | House |
| 10:00 | Queue | Villager (Male) |
| 10:00 | Queue | Villager (Male) |
| 10:00 | Queue | Villager (Male) |
| 10:00 | Queue | Villager (Male) |
| 10:12 | Queue | Serjeant |
| 10:12 | Queue | Serjeant |
| 10:13 | Queue | Serjeant |
| 10:19 | Build | House |
| 10:27 | Queue | Serjeant |
| 10:50 | Build | Mill |
| 10:51 | Queue | Villager (Male) |
| 10:51 | Queue | Villager (Male) |
| 10:51 | Queue | Villager (Male) |
| 10:51 | Queue | Villager (Male) |
| 11:04 | Queue | Serjeant |
| 11:04 | Queue | Serjeant |
| 11:09 | Queue | Villager (Male) |
| 11:09 | Queue | Villager (Male) |
| 11:33 | Queue | Villager (Male) |
| 11:34 | Queue | Villager (Male) |
| 11:55 | Build | Farm |
| 11:58 | Build | Farm |
| 12:08 | Build | House |
| 12:10 | Build | Farm |
| 12:12 | Queue | Villager (Male) |
| 12:12 | Queue | Villager (Male) |
| 12:22 | Build | Archery Range |
| 12:28 | Build | Blacksmith |
| 12:33 | Queue | Serjeant |
| 12:34 | Queue | Serjeant |
| 12:34 | Queue | Serjeant |
| 12:39 | Build | Farm |
| 12:42 | Build | House |
| 12:51 | Queue | Villager (Male) |
| 12:52 | Queue | Villager (Male) |
| 12:54 | Build | Farm |
| 12:57 | Build | Farm |
| 13:01 | Queue | Villager (Male) |
| 13:03 | Build | Farm |
| 13:06 | Build | Farm |
| 13:14 | Build | Farm |
| 13:35 | Queue | Villager (Male) |
| 13:36 | Queue | Villager (Male) |
| 13:36 | Queue | Villager (Male) |
| 13:45 | Build | Farm |
| 14:02 | Research | Double-Bit Axe |
| 14:02 | Research | Double-Bit Axe |
| 14:02 | Research | Double-Bit Axe |
| 14:02 | Queue | Villager (Male) |
| 14:02 | Queue | Villager (Male) |
| 14:03 | Queue | Villager (Male) |
| 14:16 | Queue | Serjeant |
| 14:29 | Queue | Villager (Male) |
| 14:29 | Queue | Villager (Male) |
| 14:58 | Queue | Villager (Male) |
| 14:58 | Queue | Villager (Male) |
| 14:59 | Queue | Villager (Male) |
| 14:59 | Queue | Villager (Male) |
| 15:11 | Build | Farm |
| 15:12 | Queue | Villager (Male) |
| 15:21 | Build | Market |
| 15:26 | Queue | Serjeant |
| 15:26 | Queue | Serjeant |
| 15:29 | Build | Farm |
| 15:30 | Queue | Villager (Male) |
| 15:30 | Queue | Villager (Male) |
| 15:32 | Build | Farm |
| 15:38 | Queue | Villager (Male) |
| 15:38 | Queue | Villager (Male) |
| 15:40 | Build | Farm |
| 15:50 | Queue | Villager (Male) |
| 15:59 | Queue | Villager (Male) |
| 16:12 | Queue | Villager (Male) |
| 16:12 | Queue | Villager (Male) |
| 16:38 | Queue | Villager (Male) |
| 16:38 | Queue | Villager (Male) |
| 16:38 | Queue | Villager (Male) |
| 16:41 | Queue | Villager (Male) |
| 16:56 | Build | Palisade Gate |
| 17:42 | Research | Castle Age |
| 17:42 | Research | Castle Age |
| 18:17 | Queue | Serjeant |
| 18:18 | Queue | Serjeant |
| 18:39 | Research | Scale Mail Armor |
| 18:39 | Research | Scale Mail Armor |
| 18:52 | Build | Farm |
| 18:55 | Build | Farm |
| 19:00 | Queue | Serjeant |
| 19:22 | Queue | Serjeant |
| 19:22 | Queue | Serjeant |
| 19:37 | Queue | Serjeant |
| 20:01 | Queue | Serjeant |
| 20:02 | Queue | Serjeant |
| 20:02 | Queue | Serjeant |
| 20:22 | Age | Castle Age |
Match timeline
| 4:52 | random_aoe_user · first_building Barracks |
| 5:05 | Drunken master · first_building Barracks |
| 7:31 | Drunken master · first_building Donjon |
| 7:41 | random_aoe_user · wall_segment Palisade Wall x1 |
| 7:53 | random_aoe_user · wall_segment Palisade Wall x9 |
| 9:29 | Drunken master · age_up feudal |
| 9:51 | Drunken master · wall_segment Palisade Wall x3 |
| 11:03 | random_aoe_user · age_up feudal |
| 11:18 | random_aoe_user · first_building Archery Range |
| 12:22 | Drunken master · first_building Archery Range |
| 17:07 | Drunken master · first_market_buy 100 food |
| 17:08 | Drunken master · first_market_sell 100 wood |
| 20:22 | Drunken master · age_up castle |
| 21:40 | random_aoe_user · age_up castle |
| 22:04 | Drunken master · wall_segment Palisade Wall x1 |
| 22:31 | random_aoe_user · first_building Siege Workshop |
| 23:55 | random_aoe_user · first_market_sell 100 food |
| 24:53 | Drunken master · first_building Siege Workshop |
| 25:17 | random_aoe_user · first_market_buy 100 wood |
| 25:18 | Drunken master · first_building Monastery |
| 30:45 | random_aoe_user · first_building Castle |
| 37:48 | random_aoe_user · first_building Monastery |
| 38:37 | Drunken master · age_up imperial |
| 39:04 | Drunken master · first_building Castle |
| 39:21 | random_aoe_user · age_up imperial |
| 40:07 | Drunken master · wall_segment Stone Wall x1 |
| 46:33 | random_aoe_user · wall_segment Stone Wall x6 |
| 47:52 | random_aoe_user · wall_segment Stone Wall x9 |
| 47:57 | random_aoe_user · wall_segment Stone Wall x7 |
| 49:09 | random_aoe_user · wall_segment Stone Wall x2 |
| 49:13 | random_aoe_user · wall_segment Stone Wall x8 |
| 51:23 | Drunken master · first_building Stable |
| 63:33 | random_aoe_user · resign |
[ AI ANALYSIS · 1 CREDIT ]
What really happened in this match?
Wolo.gg analyzes every decision: build order, eco, micro, common mistakes by bracket. Personalized analysis on WhatsApp or Discord in 30 seconds.
Civ guide
Vikings
Perfil
Jugador #2799159